Capitals vs Blue Jackets

Created - November 20, 2020 at 20:30

Goals
1 2 3 T
Capitals 2 2 1 5
Blue Jackets 1 4 2 7
Shots
1 2 3 T
Capitals 9 8 11 28
Blue Jackets 11 14 6 31

1st period

1. Blue Jackets , Tyler Seguin 7 (Mike Lundin 2, Devin Setoguchi 6) at 0:23
2. Capitals , Ondrej Palat 2 (T.J. Oshie 2, Joe Pavelski 8) at 5:05
3. Capitals , Derek Roy 6 (Joe Pavelski 9, Patrick Sharp 4) at 17:05

Penalties :
Max Pacioretty (Clb) for Holding (Minor) at 5:14, Peter Mueller (Clb) for Hooking (Minor) at 18:13

2nd period

4. Blue Jackets , Artemi Panarin 7 (Devin Setoguchi 7, Rick DiPietro) at 2:18 (PP)
5. Blue Jackets , Eric Wellwood 2 (Tyler Kennedy 2, Cam Fowler 8) at 9:42
6. Capitals , Joe Pavelski 7 (Patrick Sharp 5, Mike Green 4) at 10:55 (PP)
7. Blue Jackets , Artemi Panarin 8 (Tyler Seguin 7, Devin Setoguchi 8) at 16:52
8. Blue Jackets , Artemi Panarin 9 (Tyler Seguin 8, Devin Setoguchi 9) at 17:12
9. Capitals , Derek Roy 7 (Patrick Sharp 6, Ryan Suter 2) at 19:00

Penalties :
Blake Wheeler (Was) for Slashing (Minor) at 2:05, Devin Setoguchi (Clb) for Hooking (Minor) at 10:01, Tyler Kennedy (Clb) for Cross-checking (Minor) at 12:25

3rd period

10. Blue Jackets , Pavel Datsyuk 2 (Eric Wellwood 5, Tyler Kennedy 3) at 2:04
11. Blue Jackets , Martin Havlat 3 (Max Pacioretty 7) at 2:32
12. Capitals , Mikko Koivu 3 (Blake Wheeler 2, Jeff Skinner 1) at 9:54

Penalties :
Patrick Sharp (Was) for Hooking (Minor) at 2:56, Rob Scuderi (Clb) for Holding (Minor) at 13:26

Goalie Stats

Tuukka Rask (Was), 21 saves from 27 shots - (0.778), L, 7-4-2, 42:04 minutes
Keith Kinkaid (Was), 3 saves from 4 shots - (0.750), 17:56 minutes
Rick DiPietro (Clb), 23 saves from 28 shots - (0.821), W, 3-4-1, 60:00 minutes

Players Stats for Capitals

Player Name              G  A  P  +/- PIM S  H  SB GA TA FO     MP     PP MP  PK MP  
------------------------------------------------------------------------------------
Alexander Steen          0  0  0  -3  0   1  1  1  0  0  0/0    18:16   3:43   0:35 
Blake Wheeler            0  1  1   1  2   2  0  0  0  0  1/1    13:03   0:58   0:25 
Brent Burns              0  0  0  -1  0   0  2  1  0  1  0/0    25:32   4:08   1:25 
Derek Roy                2  0  2   0  0   4  1  1  0  0  15/28  22:25   4:02   0:47 
Jason Pominville         0  0  0  -3  0   1  2  0  0  0  1/1    18:35   3:43   1:12 
Jeff Skinner             0  1  1   0  0   3  1  1  1  0  0/0    14:01   1:01   0:00 
Joe Pavelski             1  2  3   0  0   6  3  1  0  0  3/7    25:48   3:44   1:12 
Josh Manson              0  0  0  -2  0   0  0  0  0  0  0/0    11:39   0:37   0:00 
Marc-Édouard Vlasic      0  0  0  -2  0   1  1  1  1  0  0/0    11:41   0:37   0:00 
Mike Green               0  1  1  -1  0   1  3  0  2  1  1/1    27:39   4:08   1:25 
Mikko Koivu              1  0  1   1  0   1  1  0  0  0  3/5    13:10   1:13   0:13 
Ondrej Palat             1  0  1   0  0   2  1  0  0  0  0/0     7:29   0:29   0:00 
Patrick Sharp            0  3  3   0  2   3  1  0  1  0  1/1    21:41   3:54   0:00 
Roman Josi               0  0  0   0  0   0  0  0  0  0  0/0     4:24   0:00   0:00 
Ryan Getzlaf             0  0  0  -3  0   3  1  0  0  0  6/14   17:21   3:43   0:00 
Ryan Suter               0  1  1   1  0   0  2  1  1  0  0/0    20:13   4:05   0:47 
T.J. Oshie               0  1  1   1  0   0  2  0  0  0  0/0     4:35   0:00   0:00 
Trevor Daley             0  0  0   1  0   0  2  0  2  1  0/0    20:14   4:05   0:47 

Players Stats for Blue Jackets

Player Name              G  A  P  +/- PIM S  H  SB GA TA FO     MP     PP MP  PK MP  
------------------------------------------------------------------------------------
Andreas Nodl             0  0  0   0  0   0  1  0  0  0  0/0     7:29   0:05   0:00 
Artemi Panarin           3  0  3   0  0   6  0  0  0  0  0/2    23:48   1:14   4:13 
Brandon Bollig           0  0  0   0  0   0  3  0  0  1  0/0     7:50   0:00   0:42 
Branislav Mezei          0  0  0   0  0   2  1  1  0  2  0/0    12:21   0:00   0:51 
Cam Fowler               0  1  1   2  0   1  3  4  0  1  0/0    28:45   0:55   4:14 
Cody Eakin               0  0  0   0  0   1  1  0  1  0  1/1     8:32   0:00   1:20 
Dalton Prout             0  0  0   0  0   0  1  0  0  0  0/0    18:36   1:17   3:48 
Devin Setoguchi          0  4  4   0  2   1  3  0  0  0  0/2    19:17   1:14   0:00 
Eric Wellwood            1  1  2   2  0   1  1  1  0  0  0/0    13:10   0:00   3:01 
Martin Havlat            1  0  1   0  0   4  0  0  0  0  0/0    14:51   0:53   0:40 
Max Pacioretty           0  1  1   0  2   2  2  0  0  0  0/1    15:59   0:53   2:07 
Mike Lundin              0  1  1   2  0   0  3  4  0  0  0/0    28:40   0:55   4:14 
Pavel Datsyuk            1  0  1   2  0   5  1  0  1  0  3/5    10:32   0:05   0:00 
Peter Mueller            0  0  0   0  2   4  2  0  1  0  4/10   16:38   0:53   2:21 
Rob Scuderi              0  0  0   0  2   0  2  3  0  1  0/0    17:49   1:17   2:30 
Ryan Wilson              0  0  0   0  0   0  2  0  0  1  0/0    12:34   0:00   1:22 
Tyler Kennedy            0  2  2   2  2   0  0  0  0  0  0/0    10:42   0:05   0:00 
Tyler Seguin             1  2  3   0  0   4  0  0  0  2  19/37  23:32   1:14   3:57 

3 Stars

1 - Artemi Panarin (Clb)
2 - Eric Wellwood (Clb)
3 - Joe Pavelski (Was)

Power Play

Capitals - 1 on 5 Attempt(s) - 20.00%
Blue Jackets - 1 on 2 Attempt(s) - 50.00%

Penalty Kill

Capitals - 1 on 2 Attempt(s) - 50.00% - Score 0 goal in Penalty Kill
Blue Jackets - 4 on 5 Attempt(s) - 80.00% - Score 0 goal in Penalty Kill

Team Stat

Capitals - Hits : 24 - Faceoff Wins : 31 - Blocked Shots : 7 - Penalty Minutes : 4
Blue Jackets - Hits : 26 - Faceoff Wins : 27 - Blocked Shots : 13 - Penalty Minutes : 10

Official

Referees : Unknown
Linesman : Unknown

Game Notes

T.J. Oshie is injured at 15:04 of 2nd period (Upper Body)
Artemi Panarin has scored a Hat Trick!
Keith Kinkaid enters game at 2:04 of 3rd period

Finance

Level 1 -- Attendance: 4516 (75.27%) -- Ticket Income $519,340
Level 2 -- Attendance: 3379 (67.58%) -- Ticket Income $253,425
Level 3 -- Attendance: 1410 (70.50%) -- Ticket Income $63,450
Level 4 -- Attendance: 3091 (77.28%) -- Ticket Income $92,730
Luxury Box -- Attendance: 680 (68.00%) -- Ticket Income $146,200
Game was played at the Ohio State Arena.
Total Attendance: 13076 (72.64%)
Total Ticket Income: $1,075,145
Other Income: $161,272
Total Income: $1,236,417

Capitals

5 vs 5 Forward 
   Center                   Left Wing                Right Wing               Time % Phy DF OF 
 1 Derek Roy                Patrick Sharp            Joe Pavelski             40     1   2  2  
 2 Ryan Getzlaf             Alexander Steen          Jason Pominville         30     1   2  2  
 3 Mikko Koivu              Jeff Skinner             Blake Wheeler            20     1   2  2  
 4 Joe Pavelski             Ondrej Palat             T.J. Oshie               10     1   2  2  

5 vs 5 Defense 
   Defense                  Defense                                           Time % Phy DF OF 
 1 Mike Green               Brent Burns                                       40     1   2  2  
 2 Trevor Daley             Ryan Suter                                        30     1   2  2  
 3 Marc-Édouard Vlasic      Josh Manson                                       20     1   2  2  
 4 Roman Josi               Mike Green                                        10     1   2  2  

PowerPlay Forward 
   Center                   Left Wing                Right Wing               Time % Phy DF OF 
 1 Derek Roy                Patrick Sharp            Joe Pavelski             60     1   2  2  
 2 Ryan Getzlaf             Alexander Steen          Jason Pominville         40     1   2  2  

PowerPlay Defense
   Defense                  Defense                                           Time % Phy DF OF 
 1 Mike Green               Brent Burns                                       60     1   2  2  
 2 Trevor Daley             Ryan Suter                                        40     1   2  2  

Penalty Kill 4 Players Forward 
   Center                   Wing                     Time % Phy DF OF 
 1 Joe Pavelski             Jason Pominville         60     1   2  2  
 2 Derek Roy                Blake Wheeler            40     1   2  2  

Penalty Kill 4 Players Defense
   Defense                  Defense                  Time % Phy DF OF 
 1 Mike Green               Brent Burns              60     1   2  2  
 2 Trevor Daley             Ryan Suter               40     1   2  2  

Penalty Kill - 3 Players Forward 
   Forward                                           Time % Phy DF OF 
 1 Joe Pavelski                                      60     1   2  2  
 2 Jason Pominville                                  40     1   2  2  

Penalty Kill - 3 Players Defense
   Defense                  Defense                  Time % Phy DF OF 
 1 Mike Green               Brent Burns              60     1   2  2  
 2 Trevor Daley             Ryan Suter               40     1   2  2  

4 vs 4 Forward 
   Center                   Wing                     Time % Phy DF OF 
 1 Joe Pavelski             Jason Pominville         60     1   2  2  
 2 Derek Roy                Blake Wheeler            40     1   2  2  

4 vs 4 Defense
   Defense                  Defense                  Time % Phy DF OF 
 1 Mike Green               Brent Burns              60     1   2  2  
 2 Trevor Daley             Ryan Suter               40     1   2  2  

Last Minutes Offensive
   Center                   Left Wing                Right Wing               Defense                  Defense                  
   Derek Roy                Patrick Sharp            Joe Pavelski             Mike Green               Brent Burns              

Last Minutes Defensive
   Center                   Left Wing                Right Wing               Defense                  Defense                  
   Derek Roy                Patrick Sharp            Joe Pavelski             Mike Green               Brent Burns              

Goaltenders
Starting : Tuukka Rask              
Backup : Keith Kinkaid            

Extra Forwards
Normal : Jeff Skinner, Mikko Koivu, T.J. Oshie - PP : Jeff Skinner, Mikko Koivu - PK : T.J. Oshie
Extra Defensemen
Normal : Marc-Édouard Vlasic, Josh Manson, Roman Josi - PP : Marc-Édouard Vlasic - PK : Josh Manson, Roman Josi
Penalty Shots
Joe Pavelski, Jason Pominville, Derek Roy, Blake Wheeler, Ryan Getzlaf

Scratches
Ryan Nugent-Hopkins (Healthy), Torey Krug (Chest/Ribs Injury)

Blue Jackets

5 vs 5 Forward 
   Center                   Left Wing                Right Wing               Time % Phy DF OF 
 1 Tyler Seguin             Artemi Panarin           Devin Setoguchi          40     1   2  2  
 2 Peter Mueller            Max Pacioretty           Martin Havlat            30     1   2  2  
 3 Pavel Datsyuk            Eric Wellwood            Tyler Kennedy            20     1   2  2  
 4 Cody Eakin               Brandon Bollig           Andreas Nodl             10     1   2  2  

5 vs 5 Defense 
   Defense                  Defense                                           Time % Phy DF OF 
 1 Cam Fowler               Mike Lundin                                       40     1   2  2  
 2 Dalton Prout             Rob Scuderi                                       30     1   2  2  
 3 Branislav Mezei          Ryan Wilson                                       20     1   2  2  
 4 Cam Fowler               Mike Lundin                                       10     1   2  2  

PowerPlay Forward 
   Center                   Left Wing                Right Wing               Time % Phy DF OF 
 1 Tyler Seguin             Artemi Panarin           Devin Setoguchi          60     1   2  2  
 2 Peter Mueller            Max Pacioretty           Martin Havlat            40     1   2  2  

PowerPlay Defense
   Defense                  Defense                                           Time % Phy DF OF 
 1 Cam Fowler               Mike Lundin                                       60     1   2  2  
 2 Dalton Prout             Rob Scuderi                                       40     1   2  2  

Penalty Kill 4 Players Forward 
   Center                   Wing                     Time % Phy DF OF 
 1 Tyler Seguin             Artemi Panarin           60     1   2  2  
 2 Max Pacioretty           Peter Mueller            40     1   2  2  

Penalty Kill 4 Players Defense
   Defense                  Defense                  Time % Phy DF OF 
 1 Cam Fowler               Mike Lundin              60     1   2  2  
 2 Dalton Prout             Rob Scuderi              40     1   2  2  

Penalty Kill - 3 Players Forward 
   Forward                                           Time % Phy DF OF 
 1 Tyler Seguin                                      60     1   2  2  
 2 Artemi Panarin                                    40     1   2  2  

Penalty Kill - 3 Players Defense
   Defense                  Defense                  Time % Phy DF OF 
 1 Cam Fowler               Mike Lundin              60     1   2  2  
 2 Dalton Prout             Rob Scuderi              40     1   2  2  

4 vs 4 Forward 
   Center                   Wing                     Time % Phy DF OF 
 1 Tyler Seguin             Artemi Panarin           60     1   2  2  
 2 Max Pacioretty           Peter Mueller            40     1   2  2  

4 vs 4 Defense
   Defense                  Defense                  Time % Phy DF OF 
 1 Cam Fowler               Mike Lundin              60     1   2  2  
 2 Dalton Prout             Rob Scuderi              40     1   2  2  

Last Minutes Offensive
   Center                   Left Wing                Right Wing               Defense                  Defense                  
   Tyler Seguin             Artemi Panarin           Devin Setoguchi          Cam Fowler               Mike Lundin              

Last Minutes Defensive
   Center                   Left Wing                Right Wing               Defense                  Defense                  
   Tyler Seguin             Artemi Panarin           Devin Setoguchi          Cam Fowler               Mike Lundin              

Goaltenders
Starting : Rick DiPietro            
Backup : Andrei Vasilevskiy       

Extra Forwards
Normal : Pavel Datsyuk, Tyler Kennedy, Eric Wellwood - PP : Pavel Datsyuk, Tyler Kennedy - PK : Eric Wellwood
Extra Defensemen
Normal : Branislav Mezei, Ryan Wilson, Dalton Prout - PP : Branislav Mezei - PK : Ryan Wilson, Dalton Prout
Penalty Shots
Tyler Seguin, Artemi Panarin, Max Pacioretty, Peter Mueller, Devin Setoguchi

Scratches
Dennis Wideman (Healthy)

% Time on Ice - Capitals

Lines # - Real PCT - Wanted PCT - Time Play
Normal Forward
1 - 37% - 40% - 17:55
2 - 32% - 30% - 15:49
3 - 20% - 20% - 9:44
4 - 11% - 10% - 5:30
Normal Defense
1 - 41% - 40% - 20:04
2 - 31% - 30% - 15:21
3 - 22% - 20% - 10:53
4 - 5% - 10% - 2:40
PP Forward
1 - 47% - 60% - 4:09
2 - 53% - 40% - 4:41
PP Defense
1 - 47% - 60% - 4:08
2 - 53% - 40% - 4:42
PK Forward
1 - 81% - 60% - 1:47
2 - 19% - 40% - 0:25
PK Defense
1 - 64% - 60% - 1:25
2 - 36% - 40% - 0:47
PK3 Forward
1 - 0% - 60%
2 - 0% - 40%
PK3 Defense
1 - 0% - 60%
2 - 0% - 40%
44 Forward
1 - 0% - 60%
2 - 0% - 40%
44 Defense
1 - 0% - 60%
2 - 0% - 40%
Last Minute Offensive  - 0:00
Last Minute Defensive  - 0:00
Total
Forward - 60:00
Defense - 60:00

% Time on Ice - Blue Jackets

Lines # - Real PCT - Wanted PCT - Time Play
Normal Forward
1 - 39% - 40% - 18:56
2 - 32% - 30% - 15:27
3 - 18% - 20% - 8:42
4 - 12% - 10% - 5:53
Normal Defense
1 - 43% - 40% - 20:49
2 - 30% - 30% - 14:55
3 - 21% - 20% - 10:14
4 - 6% - 10% - 3:00
PP Forward
1 - 60% - 60% - 1:19
2 - 40% - 40% - 0:53
PP Defense
1 - 42% - 60% - 0:55
2 - 58% - 40% - 1:17
PK Forward
1 - 55% - 60% - 4:54
2 - 45% - 40% - 3:56
PK Defense
1 - 49% - 60% - 4:21
2 - 51% - 40% - 4:29
PK3 Forward
1 - 0% - 60%
2 - 0% - 40%
PK3 Defense
1 - 0% - 60%
2 - 0% - 40%
44 Forward
1 - 0% - 60%
2 - 0% - 40%
44 Defense
1 - 0% - 60%
2 - 0% - 40%
Last Minute Offensive  - 0:00
Last Minute Defensive  - 0:00
Total
Forward - 60:00
Defense - 60:00

Play-by-Play

1st period


0:01 of 1st period - Tyler Seguin wins face-off versus Derek Roy in neutral zone.
0:06 of 1st period - Snap shot by Artemi Panarin.
0:06 of 1st period - Deflect By Devin Setoguchi.
0:06 of 1st period - Shot Misses the Net.
0:06 of 1st period - Puck is out of play.
0:07 of 1st period - Derek Roy wins face-off versus Tyler Seguin in Capitals zone.
0:07 of 1st period - Derek Roy is hit by Devin Setoguchi.
0:17 of 1st period - Snap shot by Devin Setoguchi.
0:17 of 1st period - Shot Misses the Net.
0:23 of 1st period - Snap shot by Tyler Seguin.
0:23 of 1st period - Goal by Tyler Seguin - Capitals : 0 - Blue Jackets : 1.
0:24 of 1st period - Peter Mueller wins face-off versus Ryan Getzlaf in neutral zone.
0:27 of 1st period - Ryan Suter is hit by Max Pacioretty and loses puck.
1:00 of 1st period - Wrist shot by Ondrej Palat.
1:00 of 1st period - Stopped by Rick DiPietro with a rebound.
1:08 of 1st period - Slapshot by Max Pacioretty.
1:08 of 1st period - Stopped by Tuukka Rask without a rebound.
1:09 of 1st period - Mikko Koivu wins face-off versus Pavel Datsyuk in Capitals zone.
1:36 of 1st period - Mike Green is hit by Ryan Wilson and loses puck.
1:59 of 1st period - Slapshot by Andreas Nodl.
1:59 of 1st period - Shot Misses the Net.
2:01 of 1st period - Snap shot by Cody Eakin.
2:01 of 1st period - Deflect By Andreas Nodl.
2:01 of 1st period - Shot Blocked by Alexander Steen.
2:01 of 1st period - Puck is out of play.
2:02 of 1st period - Pavel Datsyuk wins face-off versus Ryan Getzlaf in Capitals zone.
2:33 of 1st period - Wrist shot by Alexander Steen.
2:33 of 1st period - Shot Misses the Net.
2:35 of 1st period - Snap shot by Marc-Édouard Vlasic.
2:35 of 1st period - Stopped by Rick DiPietro with a rebound.
2:49 of 1st period - Backhand shot by Alexander Steen.
2:49 of 1st period - Shot Misses the Net.
2:51 of 1st period - Slapshot by Mike Green.
2:51 of 1st period - Shot Blocked by Cam Fowler.
2:53 of 1st period - Wrist shot by Jason Pominville.
2:53 of 1st period - Stopped by Rick DiPietro without a rebound.
2:54 of 1st period - Patrick Sharp wins face-off versus Devin Setoguchi in Blue Jackets zone.
3:34 of 1st period - Max Pacioretty is hit by Ryan Suter and loses puck.
3:58 of 1st period - Icing by Ryan Suter.
3:59 of 1st period - Tyler Seguin wins face-off versus Joe Pavelski in Capitals zone.
4:02 of 1st period - Wrist shot by Tyler Seguin.
4:02 of 1st period - Deflect By Artemi Panarin.
4:02 of 1st period - Stopped by Tuukka Rask with a rebound.
4:08 of 1st period - Mike Lundin is hit by Joe Pavelski and loses puck.
5:05 of 1st period - Slapshot by Ondrej Palat.
5:05 of 1st period - Goal by Ondrej Palat - Capitals : 1 - Blue Jackets : 1.
5:06 of 1st period - Ryan Getzlaf wins face-off versus Peter Mueller in neutral zone.
5:14 of 1st period - Minor Penalty to Max Pacioretty for Holding.
5:15 of 1st period - Tyler Seguin wins face-off versus Ryan Getzlaf in Blue Jackets zone.
5:47 of 1st period - Peter Mueller is hit by Patrick Sharp and loses puck.
7:14 of 1st period - Penalty to Max Pacioretty is over, Max Pacioretty is back on ice.
7:23 of 1st period - Blake Wheeler is hit by Brandon Bollig and loses puck.
7:42 of 1st period - Mike Green is hit by Eric Wellwood and loses puck.
8:14 of 1st period - Off-side.
8:15 of 1st period - Derek Roy wins face-off versus Pavel Datsyuk in neutral zone.
9:23 of 1st period - Wrist shot by Peter Mueller.
9:23 of 1st period - Shot Misses the Net.
9:49 of 1st period - Snap shot by Pavel Datsyuk.
9:49 of 1st period - Stopped by Tuukka Rask with a rebound.
9:51 of 1st period - Wrist shot by Tyler Kennedy.
9:51 of 1st period - Deflect By Eric Wellwood.
9:51 of 1st period - Shot Hit the Post.
9:51 of 1st period - Puck is out of play.
9:52 of 1st period - Mikko Koivu wins face-off versus Tyler Seguin in Capitals zone.
10:01 of 1st period - Wrist shot by Blake Wheeler.
10:01 of 1st period - Stopped by Rick DiPietro without a rebound.
10:02 of 1st period - Mikko Koivu wins face-off versus Tyler Seguin in Blue Jackets zone.
10:07 of 1st period - Snap shot by Jeff Skinner.
10:07 of 1st period - Deflect By Artemi Panarin.
10:07 of 1st period - Shot Misses the Net.
10:07 of 1st period - Puck is out of play.
10:08 of 1st period - Peter Mueller wins face-off versus Derek Roy in Blue Jackets zone.
10:08 of 1st period - Peter Mueller is hit by Joe Pavelski.
10:14 of 1st period - Slapshot by Peter Mueller.
10:14 of 1st period - Shot Blocked by Derek Roy.
10:18 of 1st period - Wrist shot by Peter Mueller.
10:18 of 1st period - Stopped by Tuukka Rask without a rebound.
10:19 of 1st period - Derek Roy wins face-off versus Tyler Seguin in Capitals zone.
11:34 of 1st period - Snap shot by Andreas Nodl.
11:34 of 1st period - Shot Misses the Net.
11:36 of 1st period - Snap shot by Cody Eakin.
11:36 of 1st period - Stopped by Tuukka Rask with a rebound.
11:58 of 1st period - Snap shot by Tyler Seguin.
11:58 of 1st period - Stopped by Tuukka Rask with a rebound.
12:10 of 1st period - Joe Pavelski is hit by Max Pacioretty and loses puck.
12:15 of 1st period - Slapshot by Max Pacioretty.
12:15 of 1st period - Stopped by Tuukka Rask with a rebound.
12:49 of 1st period - Ryan Wilson is hit by Jeff Skinner and loses puck.
14:44 of 1st period - Slapshot by Cam Fowler.
14:44 of 1st period - Shot Misses the Net.
14:50 of 1st period - Mike Lundin is hit by Mike Green and loses puck.
15:17 of 1st period - Snap shot by Martin Havlat.
15:17 of 1st period - Stopped by Tuukka Rask without a rebound.
15:18 of 1st period - Joe Pavelski wins face-off versus Peter Mueller in Capitals zone.
15:22 of 1st period - Joe Pavelski is hit by Rob Scuderi and loses puck.
15:35 of 1st period - Snap shot by Peter Mueller.
15:35 of 1st period - Stopped by Tuukka Rask with a rebound.
16:31 of 1st period - Slapshot by Blake Wheeler.
16:31 of 1st period - Stopped by Rick DiPietro with a rebound.
16:33 of 1st period - Slapshot by Marc-Édouard Vlasic.
16:33 of 1st period - Shot Misses the Net.
16:35 of 1st period - Slapshot by Mikko Koivu.
16:35 of 1st period - Shot Blocked by Branislav Mezei.
16:37 of 1st period - Backhand shot by Jeff Skinner.
16:37 of 1st period - Stopped by Rick DiPietro without a rebound.
16:38 of 1st period - Tyler Seguin wins face-off versus Derek Roy in Blue Jackets zone.
16:45 of 1st period - Wrist shot by Tyler Seguin.
16:45 of 1st period - Stopped by Tuukka Rask with a rebound.
16:51 of 1st period - Snap shot by Joe Pavelski.
16:51 of 1st period - Deflect By Derek Roy.
16:51 of 1st period - Shot Blocked by Cam Fowler.
16:51 of 1st period - Puck is out of play.
16:52 of 1st period - Tyler Seguin wins face-off versus Derek Roy in Blue Jackets zone.
17:01 of 1st period - Wrist shot by Joe Pavelski.
17:01 of 1st period - Stopped by Rick DiPietro with a rebound.
17:05 of 1st period - Wrist shot by Derek Roy.
17:05 of 1st period - Goal by Derek Roy - Capitals : 2 - Blue Jackets : 1.
17:06 of 1st period - Tyler Seguin wins face-off versus Derek Roy in neutral zone.
18:13 of 1st period - Minor Penalty to Peter Mueller for Hooking.
18:14 of 1st period - Tyler Seguin wins face-off versus Ryan Getzlaf in Blue Jackets zone.
19:34 of 1st period - Jason Pominville is hit by Cam Fowler.
Goals for this period are 2 for Capitals vs 1 for Blue Jackets.
Shots for this period are 9 for Capitals vs 11 for Blue Jackets.

2nd period


0:01 of 2nd period - Derek Roy wins face-off versus Artemi Panarin in neutral zone.
0:13 of 2nd period - Penalty to Peter Mueller is over, Peter Mueller is back on ice.
2:05 of 2nd period - Minor Penalty to Blake Wheeler for Slashing.
2:06 of 2nd period - Joe Pavelski wins face-off versus Tyler Seguin in Capitals zone.
2:18 of 2nd period - Wrist shot by Artemi Panarin.
2:18 of 2nd period - Goal by Artemi Panarin - Capitals : 2 - Blue Jackets : 2.
2:19 of 2nd period - Derek Roy wins face-off versus Tyler Seguin in neutral zone.
2:28 of 2nd period - Snap shot by Patrick Sharp.
2:28 of 2nd period - Shot Blocked by Rob Scuderi.
2:30 of 2nd period - Wrist shot by Patrick Sharp.
2:30 of 2nd period - Shot Blocked by Rob Scuderi.
2:32 of 2nd period - Wrist shot by Derek Roy.
2:32 of 2nd period - Shot Blocked by Rob Scuderi.
2:34 of 2nd period - Snap shot by Patrick Sharp.
2:34 of 2nd period - Shot Hit the Post.
2:50 of 2nd period - Slapshot by Ryan Getzlaf.
2:50 of 2nd period - Stopped by Rick DiPietro without a rebound.
2:51 of 2nd period - Pavel Datsyuk wins face-off versus Ryan Getzlaf in Blue Jackets zone.
2:51 of 2nd period - Pavel Datsyuk is hit by Trevor Daley.
2:57 of 2nd period - Slapshot by Branislav Mezei.
2:57 of 2nd period - Stopped by Tuukka Rask with a rebound.
2:59 of 2nd period - Wrist shot by Tyler Kennedy.
2:59 of 2nd period - Shot Misses the Net.
3:01 of 2nd period - Slapshot by Tyler Kennedy.
3:01 of 2nd period - Deflect By Pavel Datsyuk.
3:01 of 2nd period - Stopped by Tuukka Rask with a rebound.
3:03 of 2nd period - Slapshot by Tyler Kennedy.
3:03 of 2nd period - Shot Misses the Net.
3:05 of 2nd period - Snap shot by Pavel Datsyuk.
3:05 of 2nd period - Stopped by Tuukka Rask with a rebound.
3:17 of 2nd period - Snap shot by Eric Wellwood.
3:17 of 2nd period - Shot Blocked by Ryan Suter.
3:19 of 2nd period - Wrist shot by Eric Wellwood.
3:19 of 2nd period - Deflect By Ryan Suter.
3:19 of 2nd period - Shot Misses the Net.
3:19 of 2nd period - Puck is out of play.
3:20 of 2nd period - Derek Roy wins face-off versus Tyler Seguin in Capitals zone.
3:56 of 2nd period - Snap shot by Peter Mueller.
3:56 of 2nd period - Stopped by Tuukka Rask with a rebound.
3:58 of 2nd period - Slapshot by Rob Scuderi.
3:58 of 2nd period - Shot Blocked by Brent Burns.
4:29 of 2nd period - Patrick Sharp is hit by Cody Eakin and loses puck.
5:49 of 2nd period - Patrick Sharp is hit by Brandon Bollig and loses puck.
6:20 of 2nd period - Snap shot by Devin Setoguchi.
6:20 of 2nd period - Stopped by Tuukka Rask with a rebound.
6:30 of 2nd period - Martin Havlat is hit by T.J. Oshie and loses puck.
6:41 of 2nd period - Martin Havlat is hit by Mikko Koivu.
6:53 of 2nd period - Dalton Prout is hit by T.J. Oshie and loses puck.
7:08 of 2nd period - Cody Eakin is hit by Alexander Steen and loses puck.
7:45 of 2nd period - Snap shot by Derek Roy.
7:45 of 2nd period - Shot Misses the Net.
7:51 of 2nd period - Wrist shot by Martin Havlat.
7:51 of 2nd period - Stopped by Tuukka Rask with a rebound.
7:53 of 2nd period - Slapshot by Branislav Mezei.
7:53 of 2nd period - Stopped by Tuukka Rask without a rebound.
7:54 of 2nd period - Ryan Getzlaf wins face-off versus Artemi Panarin in Capitals zone.
7:59 of 2nd period - Wrist shot by Jason Pominville.
7:59 of 2nd period - Shot Misses the Net.
8:13 of 2nd period - Ryan Suter is hit by Mike Lundin and loses puck.
8:21 of 2nd period - Icing by Ryan Suter.
8:22 of 2nd period - Derek Roy wins face-off versus Peter Mueller in Capitals zone.
8:28 of 2nd period - Martin Havlat is hit by Trevor Daley and loses puck.
8:55 of 2nd period - Slapshot by Artemi Panarin.
8:55 of 2nd period - Deflect By Josh Manson.
8:55 of 2nd period - Stopped by Tuukka Rask with a rebound.
9:03 of 2nd period - Tyler Seguin is hit by Marc-Édouard Vlasic and loses puck.
9:42 of 2nd period - Snap shot by Eric Wellwood.
9:42 of 2nd period - Goal by Eric Wellwood - Capitals : 2 - Blue Jackets : 3.
9:43 of 2nd period - Derek Roy wins face-off versus Tyler Seguin in neutral zone.
9:43 of 2nd period - Derek Roy is hit by Devin Setoguchi.
9:49 of 2nd period - Snap shot by Derek Roy.
9:49 of 2nd period - Shot Misses the Net.
9:51 of 2nd period - Snap shot by Patrick Sharp.
9:51 of 2nd period - Shot Misses the Net.
9:53 of 2nd period - Slapshot by Derek Roy.
9:53 of 2nd period - Stopped by Rick DiPietro without a rebound.
9:54 of 2nd period - Derek Roy wins face-off versus Tyler Seguin in Blue Jackets zone.
9:57 of 2nd period - Wrist shot by Joe Pavelski.
9:57 of 2nd period - Stopped by Rick DiPietro without a rebound.
9:58 of 2nd period - Tyler Seguin wins face-off versus Derek Roy in Blue Jackets zone.
9:58 of 2nd period - Tyler Seguin is hit by Derek Roy.
10:01 of 2nd period - Minor Penalty to Devin Setoguchi for Hooking.
10:02 of 2nd period - Derek Roy wins face-off versus Tyler Seguin in Blue Jackets zone.
10:02 of 2nd period - Slapshot by Joe Pavelski.
10:02 of 2nd period - Shot Blocked by Mike Lundin.
10:12 of 2nd period - Wrist shot by Derek Roy.
10:12 of 2nd period - Shot Misses the Net.
10:14 of 2nd period - Snap shot by Mike Green.
10:14 of 2nd period - Deflect By Patrick Sharp.
10:14 of 2nd period - Stopped by Rick DiPietro without a rebound.
10:15 of 2nd period - Tyler Seguin wins face-off versus Joe Pavelski in Blue Jackets zone.
10:15 of 2nd period - Tyler Seguin is hit by Mike Green.
10:34 of 2nd period - Icing by Mike Green.
10:35 of 2nd period - Tyler Seguin wins face-off versus Derek Roy in Capitals zone.
10:43 of 2nd period - Icing by Mike Green.
10:44 of 2nd period - Derek Roy wins face-off versus Tyler Seguin in Capitals zone.
10:51 of 2nd period - Slapshot by Mike Green.
10:51 of 2nd period - Shot Misses the Net.
10:53 of 2nd period - Snap shot by Patrick Sharp.
10:53 of 2nd period - Shot Misses the Net.
10:55 of 2nd period - Slapshot by Joe Pavelski.
10:55 of 2nd period - Goal by Joe Pavelski - Capitals : 3 - Blue Jackets : 3.
10:56 of 2nd period - Tyler Seguin wins face-off versus Derek Roy in neutral zone.
11:13 of 2nd period - Slapshot by Cam Fowler.
11:13 of 2nd period - Stopped by Tuukka Rask with a rebound.
11:23 of 2nd period - Peter Mueller is hit by Brent Burns and loses puck.
11:30 of 2nd period - Snap shot by Ryan Getzlaf.
11:30 of 2nd period - Shot Blocked by Cam Fowler.
11:32 of 2nd period - Snap shot by Alexander Steen.
11:32 of 2nd period - Stopped by Rick DiPietro without a rebound.
11:33 of 2nd period - Ryan Getzlaf wins face-off versus Tyler Seguin in Blue Jackets zone.
11:40 of 2nd period - Jason Pominville is hit by Dalton Prout and loses puck.
12:20 of 2nd period - Slapshot by Trevor Daley.
12:20 of 2nd period - Shot Blocked by Mike Lundin.
12:25 of 2nd period - Minor Penalty to Tyler Kennedy for Cross-checking.
12:26 of 2nd period - Derek Roy wins face-off versus Tyler Seguin in Blue Jackets zone.
12:34 of 2nd period - Snap shot by Derek Roy.
12:34 of 2nd period - Shot Blocked by Mike Lundin.
12:52 of 2nd period - Artemi Panarin is hit by Jason Pominville and loses puck.
14:25 of 2nd period - Penalty to Tyler Kennedy is over, Tyler Kennedy is back on ice.
14:29 of 2nd period - Snap shot by Peter Mueller.
14:29 of 2nd period - Deflect By Jeff Skinner.
14:29 of 2nd period - Shot Blocked by Jeff Skinner.
14:29 of 2nd period - Puck is out of play.
14:30 of 2nd period - Cody Eakin wins face-off versus Mikko Koivu in Capitals zone.
14:57 of 2nd period - Andreas Nodl is hit by Ondrej Palat.
15:03 of 2nd period - T.J. Oshie is hit by Andreas Nodl and loses puck.
15:04 of 2nd period - T.J. Oshie from Capitals is injured at 15:04 of 2nd period (Upper Body).
15:05 of 2nd period - Tyler Seguin wins face-off versus Derek Roy in Capitals zone.
15:31 of 2nd period - Alexander Steen is hit by Cam Fowler and loses puck.
16:52 of 2nd period - Slapshot by Artemi Panarin.
16:52 of 2nd period - Goal by Artemi Panarin - Capitals : 3 - Blue Jackets : 4.
16:53 of 2nd period - Tyler Seguin wins face-off versus Ryan Getzlaf in neutral zone.
16:58 of 2nd period - Icing by Trevor Daley.
16:59 of 2nd period - Tyler Seguin wins face-off versus Ryan Getzlaf in Capitals zone.
17:00 of 2nd period - Wrist shot by Artemi Panarin.
17:00 of 2nd period - Stopped by Tuukka Rask with a rebound.
17:12 of 2nd period - Wrist shot by Tyler Seguin.
17:12 of 2nd period - Deflect By Artemi Panarin.
17:12 of 2nd period - Goal by Artemi Panarin - Capitals : 3 - Blue Jackets : 5.
17:13 of 2nd period - Tyler Seguin wins face-off versus Derek Roy in neutral zone.
17:54 of 2nd period - Snap shot by Jason Pominville.
17:54 of 2nd period - Shot Blocked by Cam Fowler.
18:08 of 2nd period - Icing by Mike Lundin.
18:09 of 2nd period - Blake Wheeler wins face-off versus Peter Mueller in Blue Jackets zone.
19:00 of 2nd period - Wrist shot by Derek Roy.
19:00 of 2nd period - Goal by Derek Roy - Capitals : 4 - Blue Jackets : 5.
19:01 of 2nd period - Tyler Seguin wins face-off versus Ryan Getzlaf in neutral zone.
19:27 of 2nd period - Jason Pominville is hit by Devin Setoguchi and loses puck.
19:34 of 2nd period - Wrist shot by Ryan Getzlaf.
19:34 of 2nd period - Stopped by Rick DiPietro without a rebound.
19:35 of 2nd period - Pavel Datsyuk wins face-off versus Derek Roy in Blue Jackets zone.
19:46 of 2nd period - Wrist shot by Derek Roy.
19:46 of 2nd period - Shot Misses the Net.
19:48 of 2nd period - Snap shot by Patrick Sharp.
19:48 of 2nd period - Shot Blocked by Eric Wellwood.
Goals for this period are 2 for Capitals vs 4 for Blue Jackets.
Shots for this period are 8 for Capitals vs 14 for Blue Jackets.

3rd period


0:01 of 3rd period - Derek Roy wins face-off versus Tyler Seguin in neutral zone.
0:10 of 3rd period - Slapshot by Derek Roy.
0:10 of 3rd period - Stopped by Rick DiPietro with a rebound.
0:12 of 3rd period - Slapshot by Patrick Sharp.
0:12 of 3rd period - Stopped by Rick DiPietro with a rebound.
0:14 of 3rd period - Snap shot by Mike Green.
0:14 of 3rd period - Stopped by Rick DiPietro with a rebound.
0:16 of 3rd period - Wrist shot by Brent Burns.
0:16 of 3rd period - Shot Misses the Net.
0:26 of 3rd period - Ryan Getzlaf is hit by Peter Mueller and loses puck.
0:31 of 3rd period - Backhand shot by Peter Mueller.
0:31 of 3rd period - Shot Misses the Net.
1:08 of 3rd period - Snap shot by Brandon Bollig.
1:08 of 3rd period - Shot Misses the Net.
1:18 of 3rd period - Patrick Sharp is hit by Brandon Bollig.
1:32 of 3rd period - Josh Manson is hit by Branislav Mezei and loses puck.
1:46 of 3rd period - Wrist shot by Tyler Seguin.
1:46 of 3rd period - Shot Misses the Net.
1:58 of 3rd period - Snap shot by Eric Wellwood.
1:58 of 3rd period - Deflect By Pavel Datsyuk.
1:58 of 3rd period - Stopped by Tuukka Rask with a rebound.
2:04 of 3rd period - Slapshot by Pavel Datsyuk.
2:04 of 3rd period - Goal by Pavel Datsyuk - Capitals : 4 - Blue Jackets : 6.
2:04 of 3rd period - Keith Kinkaid enters game.
2:05 of 3rd period - Tyler Seguin wins face-off versus Derek Roy in neutral zone.
2:22 of 3rd period - Snap shot by Tyler Seguin.
2:22 of 3rd period - Stopped by Keith Kinkaid without a rebound.
2:23 of 3rd period - Ryan Getzlaf wins face-off versus Peter Mueller in Capitals zone.
2:23 of 3rd period - Brent Burns is hit by Cam Fowler and loses puck.
2:32 of 3rd period - Wrist shot by Martin Havlat.
2:32 of 3rd period - Goal by Martin Havlat - Capitals : 4 - Blue Jackets : 7.
2:33 of 3rd period - Tyler Seguin wins face-off versus Derek Roy in neutral zone.
2:50 of 3rd period - Backhand shot by Devin Setoguchi.
2:50 of 3rd period - Shot Misses the Net.
2:56 of 3rd period - Minor Penalty to Patrick Sharp for Hooking.
2:57 of 3rd period - Jason Pominville wins face-off versus Tyler Seguin in Capitals zone.
3:24 of 3rd period - Joe Pavelski is hit by Peter Mueller and loses puck.
3:55 of 3rd period - Tyler Seguin is hit by Ryan Suter.
4:56 of 3rd period - Penalty to Patrick Sharp is over, Patrick Sharp is back on ice.
5:03 of 3rd period - Mike Green is hit by Mike Lundin and loses puck.
5:30 of 3rd period - Mike Green is hit by Pavel Datsyuk and loses puck.
6:42 of 3rd period - Ondrej Palat is hit by Ryan Wilson and loses puck.
7:01 of 3rd period - Tyler Kennedy is hit by Jason Pominville and loses puck.
7:36 of 3rd period - Snap shot by Martin Havlat.
7:36 of 3rd period - Stopped by Keith Kinkaid with a rebound.
8:21 of 3rd period - Icing by Mike Green.
8:22 of 3rd period - Peter Mueller wins face-off versus Joe Pavelski in Capitals zone.
8:27 of 3rd period - Slapshot by Peter Mueller.
8:27 of 3rd period - Stopped by Keith Kinkaid without a rebound.
8:28 of 3rd period - Peter Mueller wins face-off versus Joe Pavelski in Capitals zone.
8:34 of 3rd period - Icing by Mike Green.
8:35 of 3rd period - Joe Pavelski wins face-off versus Tyler Seguin in Capitals zone.
8:42 of 3rd period - Wrist shot by Ondrej Palat.
8:42 of 3rd period - Deflect By Jeff Skinner.
8:42 of 3rd period - Stopped by Rick DiPietro without a rebound.
8:43 of 3rd period - Derek Roy wins face-off versus Tyler Seguin in Blue Jackets zone.
9:42 of 3rd period - Snap shot by Jeff Skinner.
9:42 of 3rd period - Stopped by Rick DiPietro without a rebound.
9:43 of 3rd period - Tyler Seguin wins face-off versus Mikko Koivu in Blue Jackets zone.
9:50 of 3rd period - Slapshot by Blake Wheeler.
9:50 of 3rd period - Shot Blocked by Mike Lundin.
9:52 of 3rd period - Wrist shot by Blake Wheeler.
9:52 of 3rd period - Shot Misses the Net.
9:54 of 3rd period - Snap shot by Mikko Koivu.
9:54 of 3rd period - Goal by Mikko Koivu - Capitals : 5 - Blue Jackets : 7.
9:55 of 3rd period - Derek Roy wins face-off versus Devin Setoguchi in neutral zone.
10:23 of 3rd period - Wrist shot by Joe Pavelski.
10:23 of 3rd period - Stopped by Rick DiPietro with a rebound.
10:25 of 3rd period - Snap shot by Joe Pavelski.
10:25 of 3rd period - Stopped by Rick DiPietro with a rebound.
10:41 of 3rd period - Artemi Panarin is hit by Brent Burns and loses puck.
10:46 of 3rd period - Wrist shot by Joe Pavelski.
10:46 of 3rd period - Stopped by Rick DiPietro with a rebound.
11:17 of 3rd period - Wrist shot by Devin Setoguchi.
11:17 of 3rd period - Shot Misses the Net.
12:01 of 3rd period - Tyler Seguin is hit by Mike Green and loses puck.
12:24 of 3rd period - Slapshot by Tyler Seguin.
12:24 of 3rd period - Shot Blocked by Joe Pavelski.
12:30 of 3rd period - Artemi Panarin is hit by Joe Pavelski and loses puck.
12:37 of 3rd period - Patrick Sharp is hit by Mike Lundin and loses puck.
13:04 of 3rd period - Slapshot by Devin Setoguchi.
13:04 of 3rd period - Shot Misses the Net.
13:18 of 3rd period - Backhand shot by Patrick Sharp.
13:18 of 3rd period - Stopped by Rick DiPietro without a rebound.
13:19 of 3rd period - Ryan Getzlaf wins face-off versus Peter Mueller in Blue Jackets zone.
13:24 of 3rd period - Snap shot by Ryan Getzlaf.
13:24 of 3rd period - Stopped by Rick DiPietro with a rebound.
13:26 of 3rd period - Minor Penalty to Rob Scuderi for Holding.
13:27 of 3rd period - Ryan Getzlaf wins face-off versus Max Pacioretty in Blue Jackets zone.
14:36 of 3rd period - Branislav Mezei is hit by Ryan Getzlaf and loses puck.
15:26 of 3rd period - Penalty to Rob Scuderi is over, Rob Scuderi is back on ice.
15:42 of 3rd period - Ondrej Palat is hit by Rob Scuderi and loses puck.
16:15 of 3rd period - Snap shot by Pavel Datsyuk.
16:15 of 3rd period - Shot Blocked by Marc-Édouard Vlasic.
19:17 of 3rd period - Icing by Ondrej Palat.
19:18 of 3rd period - Mike Green wins face-off versus Tyler Seguin in Capitals zone.
Goals for this period are 1 for Capitals vs 2 for Blue Jackets.
Shots for this period are 11 for Capitals vs 6 for Blue Jackets.